 Dungeon Crawl Stone Soup version 0.22-a0-259-gdd11e71 (webtiles) character file.

116 pillow the Covered (level 4, -2/40 HPs)
             Began as a Minotaur Fighter on Mar 5, 2018.
             Killed from afar by an orc wizard (4 damage)
             ... with a magic dart
             ... on level 3 of the Dungeon on Mar 6, 2018.
             The game lasted 00:30:10 (2466 turns).

pillow the Covered (Minotaur Fighter)               Turns: 2466, Time: 00:30:11

Health: -2/40      AC:  8    Str: 22    XL:     4   Next: 70%
Magic:  3/3        EV:  8    Int:  3    God:
Gold:   117        SH:  9    Dex:  9    Spells: 3/3 levels left

rFire    . . .     SeeInvis .   w - +0 hunting sling
rCold    . . .     Gourm    .   c - +0 shield
rNeg     . . .     Faith    .   b - +0 scale mail
rPois    .         Spirit   .   x - +1 hat
rElec    .         Reflect  .   (no cloak)
rCorr    .         Harm     .   (no gloves)
MR       .....                  (no boots)
Stlth    ..........             (no amulet)
HPRegen  0.13/turn              h - -2 ring of intelligence
MPRegen  0.08/turn              (no ring)

@: no status effects
A: retaliatory headbutt, horns 2
a: no special abilities


You were on level 3 of the Dungeon.
You were not hungry.

You visited 1 branch of the dungeon, and saw 3 of its levels.

You collected 117 gold pieces.

Inventory:

Hand Weapons
 a - a +0 war axe
 g - a +0 club
 i - a +0 club
 k - a +0 club
 l - a +0 whip
 n - a +0 dagger
 o - a +0 short sword
 q - a +0 club
 w - a +0 hunting sling (weapon)
 z - a +0 whip
 A - a +0 short sword
 C - a +0 dagger
 D - a +0 flail
 G - a +0 hunting sling
 H - a +0 dagger
Missiles
 r - 12 sling bullets (quivered)
 s - 24 stones
 t - 39 arrows
Armour
 b - a +0 scale mail (worn)
 c - a +0 shield (worn)
 p - a +0 leather armour
 u - a cursed +0 leather armour
 v - a +0 robe
 x - a +1 hat (worn)
 I - a +0 leather armour
Jewellery
 h - a -2 ring of intelligence (left hand)
Scrolls
 y - a scroll of remove curse
Potions
 d - 3 potions of might
 e - a potion of resistance
 j - a potion of lignification {unknown}
 m - a potion of berserk rage {unknown}
 E - a potion of ambrosia {unknown}
 F - a potion of agility {unknown}
Comestibles
 f - 5 rations
 B - a chunk of flesh


   Skills:
 + Level 4.1 Fighting
 + Level 3.4 Axes
 + Level 4.9 Armour
 + Level 0.6 Dodging
 + Level 4.5 Shields


You had 3 spell levels left.
You didn't know any spells.

Dungeon Overview and Level Annotations

Branches:
Dungeon (3/15)

Altars:


Innate Abilities, Weirdness & Mutations

You reflexively headbutt those who attack you in melee.
You have a pair of horns on your head.


Message History

You hear some strange, mumbled words.
A puff of flame appears from out of thin air!
The puff of flame hits you!
You hear some strange, mumbled words.
A magic dart appears from out of thin air!
The magic dart hits you!
You hear some strange, mumbled words.
Something tries to affect you, but you resist.
You hear some strange, mumbled words.
A puff of flame appears from out of thin air!
The puff of flame hits you!
* * * LOW HITPOINT WARNING * * *
Things that are here:
a whip; a scale mail; an orc corpse Something hits you.
* * * LOW HITPOINT WARNING * * *
You hear some strange, mumbled words.
A magic dart appears from out of thin air!
The magic dart hits you!
You die...

#.# #..#.#
#.#########.#. #(#
#..#.# #.............
.(# #..#.#####
#.######....## ..#
#..#.....####.# #.####
.## #..####.....<.#
#.# # #).####..####.#
#.# #.............#
#.#
#.#####..###########.#
#........@..>.....##.#
###############......#
...#### ####


There were no monsters in sight!

Vanquished Creatures
  5 adders
  An ooze (D:2)
  3 worms
  3 dart slugs
  4 leopard geckos
  An orc (D:3)
  A ball python (D:1)
  11 bats
  A giant cockroach (D:1)
  4 goblins (D:1)
  6 hobgoblins
  5 kobolds
  A frilled lizard (D:2)
  5 rats
51 creatures vanquished.

Vanquished Creatures (others)
  An orc (D:3)
1 creature vanquished.

Grand Total: 52 creatures vanquished

Notes
Turn   | Place    | Note
-------+----------+-------------------------------------------
     0 | D:1      | pillow the Minotaur Fighter began the quest for the Orb.
     0 | D:1      | Reached XP level 1. HP: 19/19 MP: 0/0
   269 | D:1      | Reached XP level 2. HP: 17/27 MP: 1/1
   771 | D:2      | Reached XP level 3. HP: 21/33 MP: 2/2
  1368 | D:2      | Reached XP level 4. HP: 28/40 MP: 3/3
  2454 | D:3      | HP: 2/40 [something/puff of flame (5)]
  2459 | D:3      | HP: 1/40 [something (2)]
  2466 | D:3      | Killed from afar by an orc wizard

Vault maps used:
D:1:      tarquinn_simple_flora_water_b
D:3:      goddamned_bats

Skill      XL: |  1  2 |
---------------+-------+-----
Fighting       | 4 |  4.1
Armour         | 4 |  4.9
Shields        | 4 |  4.5
Axes           | 3 |  3.4
Dodging        | |  0.6

Action                   |  1- 3 |  4- 6 || total
-------------------------+-------+-------++-------
Melee: War axe           |    71 |    29 ||   100
       Headbutt          |    12 |     5 ||    17
       Hunting sling     |       |     9 ||     9
 Fire: Hunting sling     |       |    18 ||    18
  Use: Scroll            |     2 |     5 ||     7
       Potion            |     1 |       ||     1
  Eat: Ration            |     2 |       ||     2
Armor: Scale mail        |    63 |    43 ||   106
Dodge: Dodged            |    48 |    23 ||    71
Block: Shield            |    68 |    56 ||   124

Table legend:
 A = Spawn XP
 B = Non-spawn XP
 C = Spawn XP percentage of total XP
 D = Spawn monster count
 E = Non-spawn monster count
 F = Spawn count percentage of total count
 G = Total turns spent on level
                    A         B        C        D         E        F      G
               +---------+---------+-------+---------+---------+-------+---------
         Total |       0 |     167 |   0.0 |       0 |      51 |   0.0 |  2466
               +---------+---------+-------+---------+---------+-------+---------
           D:1 |       0 |      36 |   0.0 |       0 |      17 |   0.0 |   667
           D:2 |       0 |      83 |   0.0 |       0 |      22 |   0.0 |  1074
           D:3 |       0 |      48 |   0.0 |       0 |      12 |   0.0 |   725
               +---------+---------+-------+---------+---------+-------+---------
